 Dungeon Crawl Stone Soup version 0.21.1-1-g345015fe64 (webtiles) character file.

50982 Lentor the Severer (level 14, -17/118 HPs)
             Began as a Minotaur Berserker on June 23, 2018.
             Was the Champion of Trog.
             Demolished by a sun demon (27 damage)
             ... summoned by the player character
             ... in an ice cave.
             The game lasted 00:44:40 (17801 turns).

Lentor the Severer (Minotaur Berserker)            Turns: 17801, Time: 00:44:41

Health: -17/118    AC: 20    Str: 31    XL:     14   Next: 21%
Magic:  12/12      EV: 12    Int:  4    God:    Trog [******]
Gold:   1153       SH:  8    Dex: 15    Spells: 13/13 levels left

rFire    x . .     SeeInvis +   a - +14 obsidian axe {chop, +Fly SInv *Curse}
rCold    + + .     Gourm    .   (no shield)
rNeg     + . .     Faith    .   M - +0 ice dragon scales
rPois    .         Spirit   .   (helmet restricted)
rElec    .         Reflect  +   (no cloak)
rCorr    .         Harm     .   (no gloves)
MR       +....                  K - +1 pair of boots {Stlth+}
Stlth    +.........             e - brooch of Shielding {Reflect SH+8}
HPRegen  0.29/turn              z - ring of Zeelat {rN+ Dex+4}
MPRegen  0.13/turn              B - +5 ring of strength

@: mesmerised
A: retaliatory headbutt, horns 2, icy blue scales 1, frail 1, low mp 1,
MP-powered wands
a: Berserk, Trog's Hand, Brothers in Arms, Burn Spellbooks, Renounce Religion,
Evoke Flight


You were in an ice cave.
You worshipped Trog.
Trog was exalted by your worship.
You were not hungry.

You visited 4 branches of the dungeon, and saw 19 of its levels.
You also visited: Sewer and Ice Cave.

You collected 1153 gold pieces.

Inventory:

Hand Weapons
 a - the +14 obsidian axe (weapon) {chop, +Fly SInv *Curse}
   (You found it on level 5 of the Dungeon)

   It inflicts extra damage upon your enemies.
   It lets you see invisible.
   It lets you fly.
   It curses itself when equipped.
Armour
 j - a +3 plate armour
 K - a +1 pair of boots of stealth (worn)
 M - +0 ice dragon scales (worn)
Jewellery
 e - the brooch of Shielding (around neck) {Reflect SH+8}
   (You found it in an ice cave)

   [amulet of reflection]

   It shields you and reflects attacks.
   It affects your SH (+8).
 l - an uncursed ring of protection from magic
 v - an uncursed ring of protection from fire
 z - the ring of Zeelat (left hand) {rN+ Dex+4}
   (You took it off an orc on level 9 of the Dungeon)

   [ring of positive energy]

   It affects your dexterity (+4).
   It protects you from negative energy.
 A - an uncursed ring of protection from fire
 B - a +5 ring of strength (right hand)
 D - a +3 ring of evasion
Wands
 b - a wand of polymorph (22)
 g - a wand of iceblast (11)
 w - a wand of paralysis (37)
 y - a wand of acid (6)
 E - a wand of random effects (66)
 H - a wand of flame (16)
Scrolls
 d - 7 scrolls of teleportation
 i - 3 scrolls of fog
 m - 6 scrolls of immolation
 n - a scroll of silence
 q - 3 scrolls of vulnerability
 r - 6 scrolls of magic mapping
 t - 5 scrolls of fear
 C - 3 scrolls of remove curse
 G - a scroll of blinking
 L - a scroll of enchant weapon {unknown}
Potions
 f - 2 potions of lignification
 h - 2 potions of might
 k - 6 potions of flight
 o - 9 potions of curing
 p - 4 potions of cancellation
 s - 4 potions of agility
 u - 2 potions of heal wounds
 F - a potion of brilliance {unknown}
Books
 x - a book of Debilitation

   Spells                             Type                      Level
   a - Corona                         Hexes                        1
   b - Slow                           Hexes                        2
   c - Inner Flame                    Hexes/Fire                   3
   d - Portal Projectile              Hexes/Translocation          3
   e - Cause Fear                     Hexes                        4
   f - Leda's Liquefaction            Hexes/Earth                  4
   Trog disapproves of the use of such an item.
 I - a Young Poisoner's Handbook

   Spells                             Type                      Level
   a - Sting                          Conjuration/Poison           1
   b - Poisonous Vapours              Poison/Air                   2
   c - Mephitic Cloud                 Conjuration/Poison/Air       3
   d - Olgreb's Toxic Radiance        Poison                       4
   e - Venom Bolt                     Conjuration/Poison           5
   Trog disapproves of the use of such an item.
Comestibles
 c - 32 rations


   Skills:
 + Level 14.2 Fighting
 + Level 19.0 Axes
 + Level 15.8 Armour
 + Level 3.6 Dodging
 - Level 0.3 Stealth
 - Level 1.3 Evocations


You had 13 spell levels left.
You didn't know any spells.

Dungeon Overview and Level Annotations

Branches:
Dungeon (11/15)            Temple (1/1) D:7            Lair (6/6) D:9
 Shoals (0/4) Lair:3       Spider (0/4) Lair:2        Slime (0/5) Lair:6
    Orc (1/2) D:11

Altars:
Ashenzari
Cheibriados
Dithmenos
Elyvilon
Fedhas
Gozag
Hepliaklqana
Kikubaaqudgha
Makhleb
Nemelex Xobeh
Okawaru
Qazlal
Ru
Sif Muna
Trog
Uskayaw
Vehumet
Wu Jian
Xom
Yredelemnul
Zin
The Shining One

Shops:
D:8 (


Innate Abilities, Weirdness & Mutations

You reflexively headbutt those who attack you in melee.
You have a pair of horns on your head.
You are partially covered in icy blue scales. (AC +2)
You are frail. (-10% HP)
Your magical capacity is low. (-10% MP)
You expend magic power (3 MP) to strengthen your wands.


Message History

The sun demon hits you but does no damage.
You slice the yak!!
You are no longer entranced.
You kill the yak!
Trog accepts your kill.
You slash the sun demon!
Visions of slaying the sun demon flood into your mind.
The sun demon hits you.
You are engulfed in flames!!
The fire burns you terribly!
* * * LOW HITPOINT WARNING * * *
You open the polar bear like a pillowcase!!!
You kill the polar bear!
Trog accepts your kill.
You closely miss the sun demon. You barely miss the sun demon.
The sun demon is heavily wounded.
The sun demon hits you.
* * * LOW HITPOINT WARNING * * *
You are engulfed in flames!!
The fire burns you terribly!
You die...

.##.## #.##
##.#..##
....## #..#
#.##..#
...##.##.##
#####.##
#### #.#†#
#.#...# #
###...#
####.##.#
#.#†.##
##.#####.#
##...##
#...###..#
#.†.##
#..††##.##
##.###
#@#..#
##.##
#43.## #..#
##..# ††##
#.## .##
### ## #


You could see a sun demon and a friendly hellwing.

Vanquished Creatures
  The ghost of Dickchan the Impaler, a journeyman MfFi of Dithmenos (Lair:6)
  The ghost of Loxlax the Unseen, a journeyman SpEn of Dithmenos (Lair:6)
  An ice dragon (Orc:1)
  Erolcha (D:10)
  Harold (Lair:4)
  4 hydras
  A catoblepas (Lair:6)
  4 two-headed ogres
  A deep troll shaman (Lair:6)
  7 death yaks
  4 unseen horrors
  A lindwurm (Lair:6)
  14 elephants
  2 black mambas
  A cyclops (D:11)
  A torpor snail (Lair:3)
  A spiny frog (Lair:4)
  A komodo dragon (Lair:6)
  3 centaur skeletons
  A troll (D:11)
  A hornet (D:11)
  10 polar bears
  19 blink frogs
  5 hippogriffs
  The ghost of gorpus the Reanimator, an amateur DENe (D:4)
  A wyvern (Lair:5)
  A spriggan (D:7)
  26 yaks
  2 basilisks
  A steam dragon (D:9)
  2 hungry ghosts (D:11)
  Edmund (D:6)
  13 water moccasins
  8 porcupines
  An ice beast (D:6)
  2 orc warriors
  2 sky beasts
  3 black bears
  5 ogres
  22 wolves
  4 centaurs
  12 crocodiles
  4 big kobolds
  12 bullfrogs
  A wyvern skeleton (D:9)
  3 scorpions
  Dowan (D:7)
  20 killer bees
  4 howler monkeys (D:10)
  4 crimson imps
  A quasit (D:4)
  A bullfrog zombie (D:11)
  6 jellies
  4 hounds
  8 orc priests
  11 orc wizards
  Terence (D:2)
  3 iguanas
  4 hell rats (Lair:1)
  8 worker ants
  A hound skeleton (D:9)
  16 adders
  2 river rats (Sewer)
  2 shadow imps
  2 oozes
  An adder zombie (D:5)
  5 adder skeletons
  6 worms
  A dart slug (D:2)
  5 leopard geckos
  42 orcs
  7 giant cockroaches
  6 goblins
  6 hobgoblins
  11 jackals
  16 kobolds
  A quokka (D:10)
  8 ball pythons
  7 bats
  7 frilled lizards
  A leopard gecko skeleton (D:5)
  12 rats
  A bush (Lair:6)
  4 fungi
  A plant (Lair:6)
460 creatures vanquished.

Vanquished Creatures (collateral kills)
  3 death yaks
  5 elephants
  An ice statue (IceCv)
  2 polar bears
  2 hippogriffs
  7 blink frogs
  5 yaks
  2 water moccasins
  2 porcupines
  Duvessa (D:7)
  A black bear (Lair:2)
  4 wolves
  5 centaurs
  3 crocodiles
  A big kobold (Sewer)
  A scorpion (D:6)
  2 killer bees
  A centaur zombie (D:7)
  A jelly (Lair:6)
  An orc wizard (D:10)
  3 hell rats (Lair:1)
  A worker ant (D:7)
  2 oozes (Lair:6)
  A jackal (D:10)
  A quokka (D:7)
  2 kobolds (D:10)
  A rat (Sewer)
  A fungus (Lair:6)
  2 plants
64 creatures vanquished.

Vanquished Creatures (others)
  5 fungi
  6 plants
11 creatures vanquished.

Grand Total: 535 creatures vanquished

Notes
Turn   | Place    | Note
-------+----------+-------------------------------------------
     0 | D:1      | Lentor the Minotaur Berserker began the quest for the Orb.
     0 | D:1      | Reached XP level 1. HP: 19/19 MP: 0/0
   183 | D:1      | Reached XP level 2. HP: 21/27 MP: 1/1
   517 | D:1      | Reached ** piety under Trog
   623 | D:2      | Reached skill level 4 in Axes
   712 | D:2      | Reached XP level 3. HP: 34/34 MP: 2/2
  1112 | D:2      | Noticed Terence
  1116 | D:2      | Killed Terence
  1116 | D:2      | Reached XP level 4. HP: 41/41 MP: 3/3
  1314 | D:3      | Found a faded altar of an unknown god.
  1359 | D:3      | Reached skill level 5 in Axes
  1498 | D:3      | Reached skill level 5 in Fighting
  1500 | D:3      | Reached *** piety under Trog
  2041 | D:4      | Reached XP level 5. HP: 42/48 MP: 4/4
  2185 | D:4      | Reached skill level 6 in Axes
  2185 | D:4      | Reached XP level 6. HP: 44/56 MP: 5/5
  2188 | D:4      | Noticed gorpus's ghost (amateur DENe)
  2195 | D:4      | Killed gorpus's ghost
  2377 | D:4      | Reached skill level 7 in Axes
  2598 | D:4      | Reached XP level 7. HP: 54/62 MP: 6/6
  2982 | D:5      | Entered Level 5 of the Dungeon
  3073 | D:5      | Found the cursed +14 obsidian axe {chop, +Fly SInv *Curse}
  3285 | D:5      | Reached **** piety under Trog
  3692 | D:6      | Reached skill level 8 in Axes
  3692 | D:6      | Reached skill level 5 in Armour
  3707 | D:6      | Found a glowing drain.
  3728 | Sewer    | Entered a sewer
  3825 | Sewer    | Reached skill level 1 in Evocations
  4078 | Sewer    | Reached XP level 8. HP: 71/71 MP: 8/8
  4173 | Sewer    | Reached ***** piety under Trog
  4215 | D:6      | Found an iron altar of Okawaru.
  4458 | D:6      | Noticed Edmund
  4462 | D:6      | Killed Edmund
  4462 | D:6      | Reached skill level 9 in Axes
  4941 | D:7      | Found a staircase to the Ecumenical Temple.
  4947 | Temple   | Entered the Ecumenical Temple
  5050 | D:7      | Reached skill level 10 in Axes
  5063 | D:7      | Noticed Dowan
  5065 | D:7      | Noticed Duvessa
  5072 | D:7      | Killed Dowan
  5073 | D:7      | Killed Duvessa
  5073 | D:7      | Received a gift from Trog
  5129 | D:7      | Reached XP level 9. HP: 43/79 MP: 9/9
  5508 | D:7      | Reached skill level 11 in Axes
  5695 | D:8      | Found Sulukk's Antique Weapon Shoppe.
  5983 | D:8      | Noticed a two-headed ogre
  5987 | D:8      | Killed a two-headed ogre
  6077 | D:8      | Reached skill level 12 in Axes
  6551 | D:9      | Noticed a two-headed ogre
  6563 | D:9      | Noticed a two-headed ogre
  6564 | D:9      | Killed a two-headed ogre
  6564 | D:9      | Reached XP level 10. HP: 52/90 MP: 10/10
  6573 | D:9      | Killed a two-headed ogre
  6573 | D:9      | Reached skill level 13 in Axes
  7290 | D:9      | Got a coiled steel ring
  7297 | D:9      | Found a staircase to the Lair.
  7309 | D:9      | Received a gift from Trog
  7309 | D:9      | Reached skill level 14 in Axes
  7331 | D:9      | Reached skill level 10 in Armour
  7693 | D:10     | Entered Level 10 of the Dungeon
  7714 | D:10     | Reached XP level 11. HP: 99/99 MP: 11/11
  7732 | D:10     | Noticed an unseen horror
  7738 | D:10     | Killed an unseen horror
  7738 | D:10     | Reached skill level 10 in Fighting
  7854 | D:10     | Received a gift from Trog
  7858 | D:10     | Noticed an unseen horror
  7868 | D:10     | Killed an unseen horror
  8059 | D:10     | Identified the ring of Zeelat {rN+ Dex+4} (You took it off an orc on level 9 of the Dungeon)
  8070 | D:10     | Noticed an unseen horror
  8075 | D:10     | Killed an unseen horror
  8300 | D:10     | Got a smoking scale mail
  8311 | D:10     | Identified the cursed +1 scale mail of Niuj {Str+2 Int+3} (You found it on level 10 of the Dungeon)
  8345 | D:10     | Reached skill level 15 in Axes
  8380 | D:10     | Noticed Erolcha
  8387 | D:10     | Killed Erolcha
  8422 | D:10     | Noticed a two-headed ogre
  8429 | D:10     | Killed a two-headed ogre
  9551 | Lair:1   | Entered Level 1 of the Lair of Beasts
  9793 | Lair:1   | Noticed a six-headed hydra
  9794 | Lair:1   | Noticed a four-headed hydra
  9798 | Lair:1   | Killed a nine-headed hydra
  9799 | Lair:1   | Killed a six-headed hydra
 10559 | Lair:1   | Reached skill level 16 in Axes
 10559 | Lair:1   | Reached XP level 12. HP: 96/110 MP: 12/12
 10594 | Lair:2   | Noticed a five-headed hydra
 10602 | Lair:2   | Killed a nine-headed hydra
 11037 | Lair:2   | Found a hole to the Spider Nest.
 11378 | Lair:2   | Found a hide-covered altar of Uskayaw.
 12007 | Lair:3   | Found an ornate altar of the Wu Jian Council.
 12027 | Lair:3   | Found a staircase to the Shoals.
 12952 | Lair:3   | Reached skill level 17 in Axes
 13531 | Lair:4   | Noticed Harold
 13544 | Lair:4   | Killed Harold
 13620 | Lair:4   | Reached ****** piety under Trog
 13870 | Lair:4   | Reached XP level 13. HP: 106/118 MP: 13/13
 15067 | Lair:6   | Entered Level 6 of the Lair of Beasts
 15067 | Lair:6   | Noticed Dickchan's ghost (journeyman MfFi)
 15075 | Lair:6   | Noticed Loxlax's ghost (journeyman SpEn)
 15080 | Lair:6   | Killed Dickchan's ghost
 15103 | Lair:6   | Killed Loxlax's ghost
 15103 | Lair:6   | Reached skill level 18 in Axes
 15105 | Lair:6   | Received a gift from Trog
 15750 | Lair:6   | Found a staircase to the Slime Pits.
 15755 | Lair:6   | Received a gift from Trog
 15761 | Lair:6   | Gained mutation: You have supernaturally acute eyesight. (SInv) [potion of mutation]
 15761 | Lair:6   | Gained mutation: You are partially covered in slimy green scales. (AC +2) [potion of mutation]
 15761 | Lair:6   | Gained mutation: You have large cloven feet. [potion of mutation]
 15890 | Lair:6   | Reached skill level 15 in Armour
 16468 | Lair:6   | Lost mutation: You have large cloven feet. [potion of mutation]
 16468 | Lair:6   | Lost mutation: You are partially covered in slimy green scales. (AC +2) [potion of mutation]
 16468 | Lair:6   | Lost mutation: You have supernaturally acute eyesight. (SInv) [potion of mutation]
 16468 | Lair:6   | Gained mutation: You expend magic power (3 MP) to strengthen your wands. [potion of mutation]
 16468 | Lair:6   | Gained mutation: Your magical capacity is low. (-10% MP) [potion of mutation]
 16468 | Lair:6   | Gained mutation: You are frail. (-10% HP) [potion of mutation]
 16468 | Lair:6   | Gained mutation: You are partially covered in icy blue scales. (AC +2) [potion of mutation]
 17073 | D:11     | Found a staircase to the Orcish Mines.
 17206 | Orc:1    | Entered Level 1 of the Orcish Mines
 17263 | Orc:1    | Found a frozen archway.
 17267 | Orc:1    | Reached XP level 14. HP: 117/117 MP: 12/12
 17303 | IceCv    | Entered an ice cave
 17505 | IceCv    | Received a gift from Trog
 17528 | IceCv    | Found the brooch of Shielding {Reflect SH+8}
 17794 | IceCv    | Reached skill level 19 in Axes
 17801 | IceCv    | Demolished by a sun demon

Skill      XL: |  1  2  3  4  5  6  7  8  9 10 11 12 13 14 |
---------------+-------------------------------------------+-----
Fighting       | 4 5 6 7 8 9 11 12 13 14 | 14.2
Axes           | 4 5 6 7 8 10 12 14 16 17 18 19 | 19.0
Armour         | 3 4 5 7 8 10 12 14 15 | 15.8
Dodging        | 3 |  3.6
Evocations     | 1 |  1.3
Stealth        | |  0.3

Action                   |  1- 3 |  4- 6 |  7- 9 | 10-12 | 13-15 || total
-------------------------+-------+-------+-------+-------+-------++-------
Melee: Hand axe          |    59 |   116 |    25 |       |       ||   200
       Headbutt          |    12 |    22 |    25 |    66 |    61 ||   186
       Broad axe         |       |       |   177 |   311 |   247 ||   735
       Kick              |       |       |       |       |    23 ||    23
Invok: Berserk           |     1 |     2 |     1 |     4 |     3 ||    11
       Brothers in Arms  |       |       |       |     1 |       ||     1
 Abil: Evoke Flight      |       |       |     1 |       |       ||     1
  Use: Scroll            |       |    11 |    10 |     6 |     6 ||    33
       Potion            |       |       |       |       |     4 ||     4
 Stab: Sleeping          |     1 |       |       |       |       ||     1
       Distracted        |       |       |     1 |     4 |     4 ||     9
       Petrified         |       |       |       |       |     2 ||     2
  Eat: Chunk             |       |     7 |    11 |    17 |    13 ||    48
       Ration            |       |       |     1 |     4 |     1 ||     6
Armor: Animal skin       |    11 |       |       |       |       ||    11
       Plate armour      |    18 |    67 |   124 |   174 |   114 ||   497
       Ice dragon scales |       |       |       |       |    13 ||    13
Dodge: Dodged            |    29 |    41 |    84 |   135 |    90 ||   379
Block: Other             |       |       |       |       |     6 ||     6
